 Dungeon Crawl Stone Soup version 0.17-a0-547-g5e20af8 (webtiles) character file.

383 abixa the Ruffian (level 6, -1/59 HPs)
             Began as a Troll Monk on Apr 13, 2015.
             Slain by Grinder (16 damage)
             ... while paralysed by Grinder
             ... on level 3 of the Dungeon.
             The game lasted 00:07:42 (2383 turns).

abixa the Ruffian (Troll Monk)                      Turns: 2383, Time: 00:07:43

Health: -1/59      AC:  5    Str: 20    XL:     6   Next: 47%
Magic:  5/5        EV:  1    Int:  6    God:
Gold:   110        SH:  0    Dex: 14    Spells: 0 memorised, 5 levels left

rFire  . . .     SeeInvis .       - Unarmed
rCold  . . .     Clarity  .     a - +0 robe
rNeg   + . .     SustAb   .     (no shield)
rPois  .         Gourm    +     (helmet restricted)
rElec  .         Spirit   .     (no cloak)
rCorr  .         Warding  .     (gloves unavailable)
rMut   .         Stasis   .     (boots unavailable)
MR     .....                    (no amulet)
Stlth  ++........               (no ring)
                                o - ring of positive energy

@: paralysed, not resistant to hostile enchantments, unstealthy
A: unfitting armour, claws 3, fast metabolism 3, gourmand, regeneration 2,
shaggy fur 1, tough skin 2
a: no special abilities


You were on level 3 of the Dungeon.
You were full.

You visited 1 branch of the dungeon, and saw 3 of its levels.
You also visited: Sewer.

You collected 110 gold pieces.

Inventory:

Hand weapons
 s - a +2 whip of venom
 y - a +0 blowgun
Missiles
 k - 27 sling bullets
 m - 122 stones (quivered)
 t - 21 arrows
 v - 35 poisoned needles
Armour
 a - a +0 robe (worn)
Jewellery
 o - a ring of positive energy (left claw)
Magical devices
 u - a wand of random effects (29)
 w - a wand of slowing (18)
Scrolls
 c - a scroll of fear {unknown}
 d - 3 scrolls of teleportation {unknown}
 e - 5 scrolls of identify {unknown}
 h - 2 scrolls of fog {unknown}
 j - a scroll of enchant armour {unknown}
 l - 2 scrolls of recharging {unknown}
 r - a scroll of enchant weapon {unknown}
 A - 2 scrolls of remove curse {unknown}
Potions
 f - 4 potions of flight {unknown}
 g - a potion of lignification {unknown}
 n - a potion of haste {unknown}
 p - a potion of restore abilities {unknown}
 q - a potion of ambrosia {unknown}
 x - 5 potions of heal wounds {unknown}
 z - a potion of brilliance {unknown}
 B - 2 potions of curing {unknown}
 C - 3 potions of agility {unknown}
Comestibles
 b - 2 bread rations
 i - a meat ration


   Skills:
 - Level 2.4 Fighting
 - Level 2.4 Dodging
 - Level 1.1 Stealth
 + Level 7.9 Unarmed Combat


You had 5 spell levels left.
You didn't know any spells.

Dungeon Overview and Level Annotations

Branches:
Dungeon (3/15)

Altars:
Dithmenos
Gozag
Sif Muna

Annotations:
D:3 1 exclusion, Grinder


Innate Abilities, Weirdness & Mutations

You are too large for most types of armour.
You have claws for hands.
Your metabolism is lightning-fast.
You like to eat raw meat.
You heal very quickly.
You are covered in fur (AC +1).
You have very tough skin (AC +2).


Message History

Grinder is moderately wounded.
You closely miss Grinder.
Grinder is moderately wounded.
Grinder barely misses you.
You closely miss Grinder.
Grinder is moderately wounded.
Grinder gestures.
Grinder blinks!
Grinder gestures.
Grinder blinks!
Grinder gestures at you.
You suddenly lose the ability to move!
Grinder hits you! Grinder gestures at you. Pain shoots through your body!
* * * LOW HITPOINT WARNING * * *
Grinder gestures at you.
You barely resist. Grinder hits you!
You die...

#.##.## ###..^
#.##..# ##..).
#.###.#
###..... #.#
#.# #....._.
#.# #.#
#.#..... #.#
#.# #.##....
#.# #.# ##...
#.# #.## ##.#
#@# #.)# #..
#5####.#####..#
#..
#..............
..
######.#####..#
#.# ...
###.##.##
#......$#
#.......#
#.......#


You could see Grinder.

Vanquished Creatures
  Sigmund (D:3)
  An orc wizard (D:3)
  7 river rats (Sewer)
  4 adders
  A worm (D:3)
  2 giant geckos (D:1)
  An ooze (D:2)
  5 orcs (D:3)
  4 bats
  3 giant cockroaches
  11 hobgoblins
  3 jackals (D:1)
  19 kobolds
  6 ball pythons (Sewer)
  3 giant newts
  25 rats
96 creatures vanquished.

Notes
Turn   | Place    | Note
--------------------------------------------------------------
     0 | D:1      | abixa, the Troll Monk, began the quest for the Orb.
     0 | D:1      | Reached XP level 1. HP: 22/22 MP: 0/0
    89 | D:1      | Reached XP level 2. HP: 27/29 MP: 1/1
   537 | D:1      | Reached skill level 5 in Unarmed Combat
   537 | D:1      | Reached XP level 3. HP: 36/36 MP: 2/2
   971 | D:2      | Found a deep blue altar of Sif Muna.
  1089 | D:2      | Found an opulent altar of Gozag.
  1433 | D:3      | Reached XP level 4. HP: 37/44 MP: 3/3
  1519 | D:3      | Reached skill level 6 in Unarmed Combat
  1533 | D:3      | Noticed Sigmund
  1545 | D:3      | Killed Sigmund
  1545 | D:3      | Reached skill level 7 in Unarmed Combat
  1545 | D:3      | Reached XP level 5. HP: 27/50 MP: 4/4
  1608 | D:3      | Found a glowing drain.
  1616 | Sewer    | Entered a sewer
  1657 | Sewer    | Reached XP level 6. HP: 59/59 MP: 5/5
  2238 | D:3      | Found a shadowy altar of Dithmenos.
  2362 | D:3      | Noticed Grinder
  2379 | D:3      | Paralysed by Grinder for 6 turns
  2383 | D:3      | Slain by Grinder

Action                   |  1- 3 |  4- 6 || total
-------------------------+-------+-------++-------
Melee: Unarmed           |    91 |   146 ||   237
 Stab: Sleeping          |       |     1 ||     1
  Eat: Chunk             |    13 |    10 ||    23
